[ AOE2 MATCH · #481569705 ]
UnrankedSlavs vs Malians
Player's team · WIN
Rival team · LOSS
[ REPLAY ANALYSIS · EXTRACTED FROM THE RECORDED GAME ]
Feudal
11:11
Castle
22:50
Imperial
—
| APM avg | 35.2 |
| APM peak | 79 |
| eAPM avg | 16.0 |
| Villagers / military | 93 / 82 |
Focus
⚔️ 34.0% · 🌾 66.0%
Archer ×38 · Spearman ×31 · Battering Ram ×9 · Mangonel ×4
Feudal
9:27
Castle
21:32
Imperial
—
| APM avg | 26.0 |
| APM peak | 75 |
| eAPM avg | 12.7 |
| Villagers / military | 70 / 54 |
Focus
⚔️ 31.5% · 🌾 68.5%
Knight ×38 · Gbeto ×13 · Militia ×3
Match map
Initial resources + every placement click. Lines = walls · curves = elevation contours. ◆ gold · ⬟ stone · ● berries · ✦ relic · ◌ wall gap
Your base· Open — 1t gap
Flávio do pneu's base· Open — unwalled flank
Smoothed initial terrain · ◌ = detected wall gap · hover for details
Inputs per minute
— cutomuto - - Flávio do pneu
Build order — cutomuto
First 150 of 313 actions detected
| 0:01 | Create | Villager (Male) |
| 0:01 | Create | Villager (Male) |
| 0:02 | Create | Villager (Male) |
| 0:04 | Build | House |
| 0:20 | Create | Villager (Male) |
| 0:20 | Create | Villager (Male) |
| 0:21 | Create | Villager (Male) |
| 0:24 | Research | Loom |
| 0:24 | Research | Loom |
| 0:27 | Build | House |
| 1:45 | Create | Villager (Male) |
| 1:45 | Create | Villager (Male) |
| 1:45 | Create | Villager (Male) |
| 2:14 | Build | House |
| 2:14 | Create | Villager (Male) |
| 2:15 | Create | Villager (Male) |
| 2:15 | Create | Villager (Male) |
| 2:15 | Create | Villager (Male) |
| 2:28 | Create | Villager (Male) |
| 2:28 | Create | Villager (Male) |
| 2:28 | Create | Villager (Male) |
| 2:29 | Create | Villager (Male) |
| 2:36 | Build | Lumber Camp |
| 3:02 | Create | Villager (Male) |
| 3:02 | Create | Villager (Male) |
| 3:02 | Create | Villager (Male) |
| 3:29 | Create | Villager (Male) |
| 3:30 | Create | Villager (Male) |
| 3:30 | Create | Villager (Male) |
| 3:30 | Create | Villager (Male) |
| 4:07 | Create | Villager (Male) |
| 4:08 | Create | Villager (Male) |
| 4:08 | Create | Villager (Male) |
| 4:37 | Create | Villager (Male) |
| 4:38 | Create | Villager (Male) |
| 4:38 | Create | Villager (Male) |
| 4:58 | Create | Villager (Male) |
| 4:58 | Create | Villager (Male) |
| 5:28 | Create | Villager (Male) |
| 5:29 | Create | Villager (Male) |
| 5:29 | Create | Villager (Male) |
| 5:40 | Create | Villager (Male) |
| 5:50 | Build | Mill |
| 6:15 | Build | House |
| 6:23 | Build | Mill |
| 6:23 | Create | Villager (Male) |
| 6:24 | Create | Villager (Male) |
| 6:24 | Create | Villager (Male) |
| 6:24 | Create | Villager (Male) |
| 6:59 | Build | House |
| 7:00 | Create | Villager (Male) |
| 7:01 | Create | Villager (Male) |
| 7:01 | Create | Villager (Male) |
| 9:01 | Research | Feudal Age |
| 9:01 | Research | Feudal Age |
| 9:02 | Research | Feudal Age |
| 9:06 | Build | Barracks |
| 9:16 | Build | Mining Camp |
| 9:59 | Build | Palisade Wall |
| 10:19 | Build | House |
| 10:29 | Build | Palisade Wall |
| 11:10 | Build | Palisade Wall |
| 11:11 | Age | Feudal Age |
| 11:20 | Create | Villager (Male) |
| 11:20 | Create | Villager (Male) |
| 12:15 | Create | Villager (Male) |
| 12:28 | Build | Archery Range |
| 12:41 | Build | Palisade Wall |
| 12:48 | Create | Villager (Male) |
| 12:49 | Create | Villager (Male) |
| 12:56 | Create | Spearman |
| 13:18 | Create | Villager (Male) |
| 13:26 | Build | Palisade Wall |
| 13:39 | Build | Farm |
| 13:49 | Create | Archer |
| 13:49 | Create | Archer |
| 13:49 | Create | Archer |
| 14:00 | Build | House |
| 14:08 | Build | Palisade Wall |
| 14:19 | Create | Villager (Male) |
| 14:19 | Create | Villager (Male) |
| 14:28 | Research | Double-Bit Axe |
| 14:29 | Research | Double-Bit Axe |
| 14:29 | Research | Double-Bit Axe |
| 14:30 | Research | Horse Collar |
| 14:30 | Research | Horse Collar |
| 14:30 | Research | Horse Collar |
| 14:30 | Research | Horse Collar |
| 14:30 | Research | Horse Collar |
| 15:01 | Build | Palisade Wall |
| 15:05 | Create | Archer |
| 15:09 | Create | Spearman |
| 15:18 | Create | Villager (Male) |
| 15:19 | Create | Villager (Male) |
| 15:36 | Build | Blacksmith |
| 15:56 | Create | Villager (Male) |
| 16:01 | Build | Farm |
| 16:14 | Create | Archer |
| 16:14 | Create | Archer |
| 16:20 | Create | Villager (Male) |
| 16:44 | Research | Fletching |
| 16:44 | Research | Fletching |
| 16:44 | Research | Fletching |
| 16:44 | Research | Fletching |
| 16:45 | Create | Villager (Male) |
| 16:50 | Build | Farm |
| 16:51 | Build | Farm |
| 16:52 | Build | Farm |
| 16:53 | Create | Villager (Male) |
| 16:56 | Create | Archer |
| 17:00 | Create | Spearman |
| 17:14 | Build | Farm |
| 17:15 | Build | Farm |
| 17:20 | Create | Villager (Male) |
| 17:32 | Create | Archer |
| 17:35 | Build | Farm |
| 17:41 | Build | Farm |
| 18:03 | Create | Archer |
| 18:03 | Create | Archer |
| 18:24 | Create | Archer |
| 18:48 | Build | Market |
| 18:51 | Create | Villager (Male) |
| 18:52 | Create | Villager (Male) |
| 18:59 | Create | Archer |
| 18:59 | Create | Archer |
| 20:10 | Research | Castle Age |
| 20:11 | Research | Castle Age |
| 20:11 | Research | Castle Age |
| 20:13 | Build | Farm |
| 20:14 | Build | Farm |
| 20:30 | Build | House |
| 20:43 | Build | Palisade Wall |
| 21:29 | Build | House |
| 21:32 | Build | House |
| 21:40 | Create | Spearman |
| 21:40 | Create | Spearman |
| 21:40 | Create | Spearman |
| 21:46 | Research | Gold Mining |
| 21:46 | Research | Gold Mining |
| 21:47 | Research | Gold Mining |
| 21:48 | Research | Stone Mining |
| 21:48 | Research | Stone Mining |
| 21:48 | Research | Stone Mining |
| 21:51 | Create | Spearman |
| 22:09 | Build | House |
| 22:40 | Build | Palisade Gate |
| 22:50 | Age | Castle Age |
| 22:58 | Build | Town Center |
| 23:01 | Create | Villager (Male) |
| 23:01 | Create | Villager (Male) |
Build order — Flávio do pneu
First 150 of 213 actions detected
| 0:01 | Create | Villager (Male) |
| 0:01 | Create | Villager (Male) |
| 0:01 | Create | Villager (Male) |
| 0:03 | Build | House |
| 0:04 | Build | House |
| 0:46 | Create | Villager (Male) |
| 0:47 | Create | Villager (Male) |
| 1:38 | Create | Villager (Male) |
| 1:38 | Create | Villager (Male) |
| 1:47 | Build | Lumber Camp |
| 2:00 | Create | Villager (Male) |
| 2:00 | Create | Villager (Male) |
| 2:20 | Create | Villager (Male) |
| 2:20 | Create | Villager (Male) |
| 2:20 | Create | Villager (Male) |
| 2:54 | Create | Villager (Male) |
| 2:54 | Create | Villager (Male) |
| 3:19 | Create | Villager (Male) |
| 3:20 | Create | Villager (Male) |
| 3:44 | Create | Villager (Male) |
| 3:44 | Create | Villager (Male) |
| 3:51 | Build | House |
| 4:03 | Build | House |
| 4:12 | Create | Villager (Male) |
| 4:12 | Create | Villager (Male) |
| 4:13 | Create | Villager (Male) |
| 4:51 | Create | Villager (Male) |
| 4:51 | Create | Villager (Male) |
| 4:51 | Create | Villager (Male) |
| 4:53 | Build | Mill |
| 5:42 | Create | Villager (Male) |
| 5:45 | Research | Loom |
| 7:17 | Research | Feudal Age |
| 7:46 | Build | Barracks |
| 7:51 | Build | House |
| 8:36 | Create | Villager (Male) |
| 8:36 | Create | Villager (Male) |
| 8:58 | Create | Militia |
| 8:58 | Create | Militia |
| 9:11 | Build | Mining Camp |
| 9:27 | Age | Feudal Age |
| 9:49 | Research | Town Watch |
| 10:05 | Create | Villager (Male) |
| 10:30 | Create | Militia |
| 10:31 | Create | Villager (Male) |
| 11:02 | Research | Man-at-Arms (upgrade) |
| 11:43 | Create | Villager (Male) |
| 11:43 | Create | Villager (Male) |
| 12:10 | Create | Villager (Male) |
| 12:50 | Build | Farm |
| 12:55 | Build | House |
| 12:57 | Create | Villager (Male) |
| 12:57 | Create | Villager (Male) |
| 13:00 | Build | House |
| 13:07 | Build | Palisade Gate |
| 13:09 | Build | House |
| 13:10 | Build | House |
| 13:25 | Build | Blacksmith |
| 13:29 | Build | Palisade Wall |
| 13:34 | Build | Farm |
| 13:35 | Research | Double-Bit Axe |
| 13:46 | Create | Villager (Male) |
| 13:48 | Build | Farm |
| 13:50 | Build | Farm |
| 13:53 | Build | Farm |
| 14:11 | Create | Villager (Male) |
| 14:19 | Build | Lumber Camp |
| 14:53 | Create | Villager (Male) |
| 14:55 | Create | Villager (Male) |
| 15:04 | Build | Farm |
| 15:08 | Build | Farm |
| 15:22 | Build | Farm |
| 15:26 | Build | Farm |
| 15:30 | Build | Farm |
| 15:35 | Build | Farm |
| 15:41 | Build | House |
| 15:44 | Build | House |
| 15:47 | Build | Farm |
| 15:49 | Create | Villager (Male) |
| 15:49 | Create | Villager (Male) |
| 15:55 | Build | Farm |
| 15:57 | Build | Farm |
| 16:00 | Build | Farm |
| 16:02 | Build | Farm |
| 16:06 | Build | Farm |
| 16:23 | Research | Wheelbarrow |
| 16:39 | Build | Stable |
| 16:56 | Build | Farm |
| 18:15 | Build | Watch Tower |
| 18:28 | Build | Market |
| 18:31 | Build | House |
| 18:52 | Research | Castle Age |
| 19:35 | Build | Stable |
| 19:39 | Build | Stable |
| 19:49 | Build | House |
| 19:52 | Build | House |
| 20:03 | Research | Bloodlines |
| 20:22 | Build | House |
| 20:24 | Build | House |
| 20:46 | Research | Forging |
| 20:46 | Research | Scale Barding Armor |
| 20:48 | Create | Villager (Male) |
| 20:49 | Create | Villager (Male) |
| 21:06 | Build | Mining Camp |
| 21:32 | Age | Castle Age |
| 21:35 | Research | Gold Mining |
| 21:41 | Create | Knight |
| 21:42 | Create | Knight |
| 21:42 | Create | Knight |
| 21:50 | Research | Bow Saw |
| 22:13 | Build | House |
| 22:25 | Research | Husbandry |
| 22:38 | Create | Villager (Male) |
| 22:38 | Create | Villager (Male) |
| 22:38 | Create | Villager (Male) |
| 22:42 | Build | Farm |
| 22:55 | Create | Knight |
| 22:56 | Create | Knight |
| 22:56 | Create | Knight |
| 23:08 | Build | House |
| 23:10 | Build | Palisade Gate |
| 23:13 | Build | Palisade Wall |
| 24:00 | Create | Villager (Male) |
| 24:00 | Create | Villager (Male) |
| 24:00 | Create | Villager (Male) |
| 24:07 | Create | Villager (Male) |
| 24:07 | Create | Villager (Male) |
| 24:20 | Create | Villager (Male) |
| 24:26 | Build | Farm |
| 25:26 | Create | Villager (Male) |
| 25:27 | Create | Villager (Male) |
| 25:39 | Build | Farm |
| 25:41 | Build | Farm |
| 25:45 | Build | Farm |
| 26:01 | Build | Farm |
| 26:04 | Create | Villager (Male) |
| 26:10 | Create | Knight |
| 26:10 | Create | Knight |
| 26:11 | Create | Knight |
| 26:14 | Research | Iron Casting |
| 26:16 | Research | Chain Barding Armor |
| 26:30 | Build | Lumber Camp |
| 26:47 | Create | Knight |
| 26:47 | Create | Knight |
| 26:48 | Create | Knight |
| 27:18 | Create | Knight |
| 27:19 | Create | Knight |
| 27:19 | Create | Knight |
| 28:13 | Create | Knight |
| 28:13 | Create | Knight |
Match timeline
| 7:46 | Flávio do pneu · first_building Barracks |
| 9:06 | cutomuto · first_building Barracks |
| 9:27 | Flávio do pneu · age_up feudal |
| 9:59 | cutomuto · wall_segment Palisade Wall x17 |
| 10:29 | cutomuto · wall_segment Palisade Wall x9 |
| 11:10 | cutomuto · wall_segment Palisade Wall x4 |
| 11:11 | cutomuto · age_up feudal |
| 12:28 | cutomuto · first_building Archery Range |
| 12:41 | cutomuto · wall_segment Palisade Wall x6 |
| 13:26 | cutomuto · wall_segment Palisade Wall x3 |
| 13:29 | Flávio do pneu · wall_segment Palisade Wall x23 |
| 14:08 | cutomuto · wall_segment Palisade Wall x4 |
| 15:01 | cutomuto · wall_segment Palisade Wall x4 |
| 16:39 | Flávio do pneu · first_building Stable |
| 20:43 | cutomuto · wall_segment Palisade Wall x1 |
| 21:32 | Flávio do pneu · age_up castle |
| 22:50 | cutomuto · age_up castle |
| 23:13 | cutomuto · first_market_buy 100 food |
| 23:13 | Flávio do pneu · wall_segment Palisade Wall x9 |
| 24:14 | cutomuto · first_building Siege Workshop |
| 28:59 | cutomuto · wall_segment Palisade Wall x16 |
| 29:41 | Flávio do pneu · first_building Castle |
| 32:55 | Flávio do pneu · first_market_sell 100 wood |
| 33:02 | Flávio do pneu · first_market_buy 100 stone |
| 38:44 | cutomuto · first_building Stable |
| 38:59 | cutomuto · first_building Castle |
| 39:40 | Flávio do pneu · resign |
[ AI ANALYSIS · 1 CREDIT ]
What really happened in this match?
Wolo.gg analyzes every decision: build order, eco, micro, common mistakes by bracket. Personalized analysis on WhatsApp or Discord in 30 seconds.
Civ guide
Slavs
Perfil
Jugador #25428813